 Dungeon Crawl Stone Soup version 0.28-a0-751-gef3a642a4e (webtiles) character file.

Game seed: 8776478892306749749

13 Johnny the Slasher (level 2, 0/24 HPs)
             Began as a Human Berserker on Oct 30, 2021.
             Was a Follower of Trog.
             Killed from afar by a dart slug (1 damage)
             ... with a slug dart
             ... on level 1 of the Dungeon.
             The game lasted 00:00:21 (406 turns).

Johnny the Slasher (Human Berserker)                 Turns: 406, Time: 00:00:21

Health: 0/24       AC:  2    Str: 17    XL:     2   Next: 50%
Magic:  2/2        EV: 12    Int:  7    God:    Trog [*.....]
Gold:   13         SH:  0    Dex: 12    Spells: 1/1 levels left

rFire   . . .      SeeInvis .   a - +0 falchion
rCold   . . .      Faith    .   (no shield)
rNeg    . . .      Spirit   .   b - +0 animal skin
rPois   .          Reflect  .   (no helmet)
rElec   .          Harm     .   (no cloak)
rCorr   .          Rampage  .   (no gloves)
Will    .....                   (no boots)
Stlth   +.........              (no amulet)
HPRegen 0.08/turn               (no ring)
MPRegen 0.08/turn               (no ring)

@: no status effects
A: no striking features
a: Renounce Religion, Berserk


You were on level 1 of the Dungeon.
You worshipped Trog.
Trog was aware of your devotion.
You visited 1 branch of the dungeon, and saw 1 of its levels.

You collected 13 gold pieces.

Inventory:

Hand Weapons
 a - a +0 falchion (weapon)
Armour
 b - a +0 animal skin (worn)
Scrolls
 c - a scroll of identify {unknown}
 d - 3 scrolls of enchant weapon {unknown}
 f - a scroll of vulnerability {unknown}
Potions
 e - a potion of heal wounds {unknown}


   Skills:
 - Level 3.0 Fighting
 + Level 3.7 Long Blades
 - Level 2.0 Armour
 - Level 2.0 Dodging


You had one spell level left.
You didn't know any spells.
Your spell library was empty.

Dungeon Overview and Level Annotations

Branches:
Dungeon (1/15)

Altars:


Message History

Found a stone staircase leading down.
f - a scroll labelled YNIENW AKOUL
There is a stone staircase leading down here.
Found a stone staircase leading down.
No target in view!
A gnoll comes into view. It is wielding a +0 club.
The gnoll shouts!
A gnoll is nearby!
A gnoll is nearby!
Found 6 gold pieces.
A dart slug comes into view.
The dart slug launches a dart at you. The slug dart hits you.
The gnoll hits you with a +0 club.
You closely miss the gnoll. The gnoll hits you with a +0 club!
You are too injured to fight recklessly!
You are too injured to fight recklessly!
You are too injured to fight recklessly!
You are too injured to fight recklessly!
You are too injured to fight recklessly!
You fail to use your ability.
The gnoll closely misses you.
You hit the gnoll.
The gnoll is heavily wounded.
The dart slug barely misses you. The gnoll closely misses you.
You hit the gnoll but do no damage.
The gnoll is heavily wounded.
The gnoll closely misses you. The dart slug launches a dart at you.
The slug dart hits you.
You fail to use your ability.
The gnoll hits you with a +0 club!
* * * LOW HITPOINT WARNING * * *
The dart slug barely misses you.
You barely miss the gnoll.
The gnoll is heavily wounded.
The gnoll closely misses you.
You barely miss the gnoll.
The gnoll is heavily wounded.
The gnoll misses you. The dart slug launches a dart at you.
The slug dart hits you.
You die...

#### #.# #..### #.#
## #.# ####.## #.#
.# #.# #.>..# .#
......#.# #.#### .#
#.......# ######.#
.##....#####......#
#
#........#########
...##......##....#
# .>....###.@g.$..#
## #..... ###w....#
.######..##. .....#
.....+... # .......
.#####.. .....## ##
.....# # ....##
.#..#


You could see a gnoll and a dart slug.

Vanquished Creatures
  A bat (D:1)
  An endoplasm (D:1)
  A giant cockroach (D:1)
  3 jackals (D:1)
  A kobold (D:1)
  A frilled lizard (D:1)
  2 goblins (D:1)
  A rat (D:1)
11 creatures vanquished.

Notes
Turn   | Place    | Note
-------+----------+-------------------------------------------
     0 | D:1      | Johnny the Human Berserker began the quest for the Orb.
     0 | D:1      | Reached XP level 1. HP: 18/18 MP: 1/1
   121 | D:1      | Reached XP level 2. HP: 14/24 MP: 2/2
   404 | D:1      | HP: 1/24 [gnoll (7)]
   406 | D:1      | Killed from afar by a dart slug

Illustrated notes

Levels and vault maps discovered:
D:1:      evilmike_arrival_plus, layout_rooms, minmay_worlds_worst_comb

Action                   || total
-------------------------++-------
Melee: Falchion          ||    45
Invok: Berserk           ||     1
 Stab: Distracted        ||     1
Armor: Animal skin       ||     9
Dodge: Dodged            ||    35

Table legend: (Time is in decaauts)
 A = Elapsed time spent in this place.
 B = Non-inter-level travel time spent in this place.
 C = Inter-level travel time spent in this place.
 D = Time resting spent in this place.
 E = Time spent auto-exploring this place.
 F = Levels seen in this place.
 G = Mean time per level.
                   A        B        C        D        E       F      G
               +--------+--------+--------+--------+--------+-----+--------+
         Total |    423 |    423 |      0 |     91 |    243 |   1 |  423.0 |
       Dungeon |    423 |    423 |      0 |     91 |    243 |   1 |  423.0 |
               +--------+--------+--------+--------+--------+-----+--------+

Top non-repeatable levels by time:
     D:1: 423 daAuts
